 Dungeon Crawl Stone Soup version 0.28-a0-662-g1651b1f1e0 (webtiles) character file.

Game seed: 14690711628473927697

11272 Rennog the Basher (level 11, -2/73 HPs)
             Began as a Tengu Fighter on Oct 14, 2021.
             Was an Elder of the Shining One.
             Hit by a javelin thrown by Urug (25 damage)
             ... on level 10 of the Dungeon.
             The game lasted 00:21:58 (14591 turns).

Rennog the Basher (Tengu Fighter)                  Turns: 14591, Time: 00:21:58

Health: -2/73      AC: 11    Str: 22    XL:     11   Next: 75%
Magic:  12/12      EV: 17    Int:  9    God:    the Shining One [****..]
Gold:   509        SH:  5    Dex: 13    Spells: 10/10 levels left

rFire   . . .      SeeInvis +   B - +4 flail (protect)
rCold   . . .      Faith    .   c - +0 buckler
rNeg    + + +      Spirit   .   h - +0 chain mail
rPois   +          Reflect  .   (helmet restricted)
rElec   .          Harm     .   (no cloak)
rCorr   .          Rampage  .   x - +0 pair of gloves
Will    .....                   (boots unavailable)
Stlth   ..........              (no amulet)
HPRegen 0.22/turn               G - ring "Xacseer" {rN+ EV+4 Str+3 Dex-3}
MPRegen 0.13/turn               E - ring of poison resistance

@: flying quickly and evasively, glowing, quick
A: beak, talons 3, nimble flight, see invisible, agile 1, MP-powered wands,
noise suppression
a: Renounce Religion, Divine Shield, Cleansing Flame


You were on level 10 of the Dungeon.
You worshipped the Shining One.
The Shining One was greatly pleased with you.
You visited 1 branch of the dungeon, and saw 10 of its levels.
You also visited: Sewer.

You collected 509 gold pieces.

Inventory:

Hand Weapons
 a - a +0 rapier
 B - a +4 flail of protection (weapon)
Missiles
 D - 3 throwing nets (quivered)
Armour
 b - a +0 scale mail
 c - a +0 buckler (worn)
 h - a +0 chain mail (worn)
 x - a +0 pair of gloves (worn)
Jewellery
 o - a ring of willpower
 y - a ring of wizardry
 E - a ring of poison resistance (right hand)
 G - the ring "Xacseer" (left hand) {rN+ EV+4 Str+3 Dex-3}
   (You found it on level 9 of the Dungeon)

   [ring of evasion]

   EV:        It affects your evasion (+4).
   Str:       It affects your strength (+3).
   Dex:       It affects your dexterity (-3).
   rN:        It protects you from negative energy.
Wands
 u - a wand of flame (34)
 v - a wand of paralysis (4)
 F - a wand of mindburst (14)
Scrolls
 e - 3 scrolls of noise {unknown}
 f - 2 scrolls of fear {unknown}
 g - 5 scrolls of teleportation
 i - 4 scrolls of blinking {unknown}
 k - 2 scrolls of fog {unknown}
 l - 7 scrolls of identify {unknown}
 m - a scroll of vulnerability {unknown}
 n - 2 scrolls of holy word {unknown}
 w - a scroll of brand weapon {unknown}
 z - a scroll of silence {unknown}
 A - a scroll of summoning {unknown}
 C - a scroll of magic mapping {unknown}
 I - a scroll of enchant armour {unknown}
Potions
 d - a potion of brilliance
 j - 2 potions of curing {unknown}
 p - a potion of flight {unknown}
 q - 2 potions of haste
 r - a potion of attraction {unknown}
 s - a potion of might
 t - a potion of degeneration {unknown}
 H - a potion of heal wounds


   Skills:
 - Level 10.7 Fighting
 - Level 2.1 Short Blades
 * Level 12.9 Maces & Flails
 - Level 5.8 Armour
 - Level 7.8 Dodging
 - Level 5.3 Shields


You had 10 spell levels left.
You didn't know any spells.
Your spell library contained the following spells:

 Spells                   Type           Power      Damage    Failure   Level
 Beastly Appendage        Tmut           0%         N/A       97%         1
 Blink                    Tloc           N/A        N/A       99%         2
 Slow                     Hex            0%         N/A       99%         2
 Wereblood                Tmut           0%         N/A       99%         2
 Confusing Touch          Hex            0%         N/A       100%        3
 Frozen Ramparts          Ice            0%         1d2       100%        3
 Spider Form              Tmut/Pois      0%         N/A       100%        3
 Ice Form                 Ice/Tmut       0%         N/A       100%        4
 Summon Ice Beast         Ice/Summ       0%         N/A       100%        4
 Manifold Assault         Tloc           0%         N/A       100%        5
 Yara's Violent Unravell  Hex/Tmut       0%         3d3       100%        5
 Storm Form               Tmut/Air       0%         N/A       100%        7


Dungeon Overview and Level Annotations

Branches:
Dungeon (10/15)            Temple (0/1) D:7            Lair (0/6) D:8
  Sewer (visited)
    Orc: D:9-12

Altars:
Dithmenos
Kikubaaqudgha
Vehumet
Xom
The Shining One

Shops:
D:8 (   D:9 *((

Annotations:
D:9 1 runed translucent door, robertstho's ghost, novice GrFi
D:10 Urug


Innate Abilities, Weirdness & Mutations

You have a beak for a mouth.
You have claws for feet.
Your magical nature lets you fly swiftly and evasively.
You have supernaturally acute eyesight. (SInv)
You are agile. (Dex +2)
You expend magic power (3 MP) to strengthen your wands.
You passively dampen the noise of your surroundings.


Message History

You bludgeon the centaur warrior!!
You kill the centaur warrior!
You thump the two-headed ogre! You claw the two-headed ogre.
The two-headed ogre is moderately wounded.
The two-headed ogre barely misses you.
The two-headed ogre hits you with a +0 giant club.
You hit the two-headed ogre. You claw the two-headed ogre!
You peck the two-headed ogre.
The two-headed ogre is heavily wounded.
The two-headed ogre closely misses you.
The two-headed ogre hits you with a +0 giant club!
You hit the two-headed ogre. You peck the two-headed ogre.
The two-headed ogre is severely wounded.
You hit the two-headed ogre but do no damage.
You peck the two-headed ogre, but do no damage.
The two-headed ogre is severely wounded.
You block the two-headed ogre's attack.
The two-headed ogre hits you with a +0 giant club!
* * * LOW HITPOINT WARNING * * *
You hit the two-headed ogre. You claw the two-headed ogre!
Your peck misses the two-headed ogre.
The two-headed ogre is severely wounded.
You hit the two-headed ogre. Your kick misses the two-headed ogre.
The two-headed ogre is almost dead.
You block the two-headed ogre's attack. The two-headed ogre misses you.
You thump the two-headed ogre!
You kill the two-headed ogre!
You start resting.
Magic restored.
You start resting.
You start resting.
Urug is nearby!
Urug squints, then shrugs and mutters, "Close enough."
Urug zaps a wand.
You easily resist.
Urug throws a javelin.
The javelin completely misses you.
Your divine shield fades away.
Urug is nearby!
You reach down and open the door.
Urug throws a javelin.
The javelin pierces through you!!
You die...

....'..................##.....#
....############.#####..#.....#
....# #.# ##.'.....# '#### #.#
###.....# .# #.# ###+### .# #.#
#.# .## #.# #.# ..# ######'####
#.# #.# #.....@...# #.#
#'#########.........# #.#
.......#..+.........# #.#
>...>....##........># #.#
....................# #.#
#.........###.......# #.#
####...#### #.......# #.# #####
##o......# #.# #..+###### #.#


You could see Urug.

Vanquished Creatures
  4 two-headed ogres
  A centaur warrior (D:10)
  Pikel (D:6)
  An ugly thing (D:9)
  A cyclops (D:10)
  A manticore (D:10)
  Psyche (D:8)
  Prince Ribbit (D:7)
  A wraith (D:10)
  A yak (D:8)
  Edmund (D:6)
  An acid dragon (D:10)
  5 water moccasins
  A hornet zombie (D:7)
  Duvessa (D:6)
  6 black bears
  An orc warrior (D:9)
  An ice beast (D:6)
  A sky beast (D:7)
  A necrophage (D:8)
  An ogre (D:6)
  3 centaurs
  3 phantoms
  8 kobold brigands
  2 lemures
  2 bullfrogs (D:8)
  3 gnoll sergeants
  3 scorpions (D:6)
  Dowan (D:6)
  A wyvern skeleton (D:6)
  9 killer bees
  8 wights
  3 electric eels
  6 jellies
  5 howler monkeys
  2 centaur zombies (D:10)
  3 bullfrog zombies
  3 orc priests
  A bullfrog skeleton (D:7)
  4 hounds
  6 iguanas
  Natasha (D:2)
  7 orc wizards
  2 hound skeletons
  3 howler monkey skeletons
  15 gnolls
  15 adders
  3 river rats (Sewer)
  A white imp (D:8)
  4 dart slugs
  8 worms
  19 orcs
  14 ball pythons
  14 endoplasms
  3 giant cockroaches
  16 goblins
  6 hobgoblins
  24 kobolds
  3 quokkas
  8 bats
  6 frilled lizards
  4 rats
285 creatures vanquished.

Vanquished Creatures (others)
  A wight (D:8)
  49 fungi (D:8)
  60 plants
110 creatures vanquished.

Grand Total: 395 creatures vanquished

Notes
Turn   | Place    | Note
-------+----------+-------------------------------------------
     0 | D:1      | Rennog the Tengu Fighter began the quest for the Orb.
     0 | D:1      | Reached XP level 1. HP: 14/14 MP: 2/2
    97 | D:1      | Reached XP level 2. HP: 12/19 MP: 3/3
   360 | D:1      | Reached skill level 1 in Dodging
  1110 | D:2      | Reached XP level 3. HP: 24/24 MP: 4/4
  1217 | D:2      | Reached XP level 4. HP: 16/29 MP: 5/5
  1281 | D:2      | Found a glowing golden altar of the Shining One.
  1391 | D:2      | Became a worshipper of the Shining One
  2162 | D:2      | Noticed Natasha
  2170 | D:2      | Killed Natasha
  2171 | D:2      | Reached skill level 5 in Fighting
  2171 | D:2      | Gained mutation: Your magical nature lets you fly swiftly
                  | and evasively. [Tengu growth]
  2171 | D:2      | Reached XP level 5. HP: 12/35 MP: 6/6
  2799 | D:3      | Found a glowing golden altar of the Shining One.
  2941 | D:3      | Found a glowing drain.
  2960 | Sewer    | Entered a sewer
  2979 | Sewer    | Noticed a kobold brigand
  2995 | Sewer    | Noticed a kobold brigand
  2997 | Sewer    | Gained mutation: You passively dampen the noise of your
                  | surroundings. [potion of mutation]
  2997 | Sewer    | Gained mutation: You are agile. (Dex +2) [potion of
                  | mutation]
  2997 | Sewer    | Gained mutation: You have supernaturally acute eyesight.
                  | (SInv) [potion of mutation]
  2997 | Sewer    | Gained mutation: You expend magic power (3 MP) to
                  | strengthen your wands. [potion of mutation]
  3007 | Sewer    | Killed a kobold brigand
  3008 | Sewer    | Reached XP level 6. HP: 4/41 MP: 7/7
  3589 | Sewer    | Reached XP level 7. HP: 47/47 MP: 8/8
  3620 | Sewer    | Reached * piety under the Shining One
  4293 | D:3      | Found a faded altar of an unknown god.
  4701 | D:4      | You are sucked into a shaft and drop 1 floor!
  4701 | D:5      | Entered Level 5 of the Dungeon
  4802 | D:5      | Reached skill level 5 in Dodging
  4978 | D:5      | Reached XP level 8. HP: 28/54 MP: 9/9
  5345 | D:4      | Found an ancient bone altar of Kikubaaqudgha.
  6527 | D:5      | Found a shimmering altar of Xom.
  6712 | D:5      | Reached ** piety under the Shining One
  6845 | D:6      | Noticed Edmund
  7631 | D:6      | Noticed Pikel
  7644 | D:7      | Reached XP level 9. HP: 57/60 MP: 10/10
  7899 | D:7      | Found a staircase to the Ecumenical Temple.
  8090 | D:7      | Noticed Prince Ribbit
  8096 | D:7      | Killed Prince Ribbit
  8147 | D:7      | Identified the +4 fustibalus of Yredelemnul {venom, Str+5
                  | Int-3 Stlth+}
  8932 | D:7      | Reached skill level 10 in Fighting
  9201 | D:7      | Reached skill level 5 in Armour
  9637 | D:6      | Noticed Duvessa
  9637 | D:6      | Noticed Dowan
  9992 | D:6      | Killed Duvessa
  9994 | D:6      | Killed Dowan
 10405 | D:6      | Reached skill level 5 in Shields
 10703 | D:6      | Reached XP level 10. HP: 56/68 MP: 11/11
 10768 | D:6      | Reached *** piety under the Shining One
 11081 | D:6      | Killed Edmund
 11230 | D:6      | Reached skill level 1 in Maces & Flails
 11463 | D:6      | Reached skill level 2 in Maces & Flails
 11491 | D:6      | Killed Pikel
 11492 | D:6      | Reached skill level 4 in Maces & Flails
 11919 | D:8      | Noticed Psyche
 11922 | D:8      | Reached skill level 5 in Maces & Flails
 11944 | D:8      | Killed Psyche
 11945 | D:8      | Reached skill level 6 in Maces & Flails
 12080 | D:8      | Found a radiant altar of Vehumet.
 12087 | D:8      | Found a shadowy altar of Dithmenos.
 12200 | D:8      | Reached skill level 7 in Maces & Flails
 12222 | D:8      | Noticed a two-headed ogre
 12233 | D:8      | Killed a two-headed ogre
 12234 | D:8      | Reached skill level 8 in Maces & Flails
 12292 | D:8      | Reached skill level 9 in Maces & Flails
 12400 | D:8      | Found Exkexuc's Weapon Shoppe.
 12503 | D:8      | Reached XP level 11. HP: 70/73 MP: 12/12
 12822 | D:8      | Found a staircase to the Lair.
 12913 | D:8      | Reached skill level 10 in Maces & Flails
 13065 | D:9      | Found Ynuilib's General Store.
 13076 | D:9      | Identified the ring "Xacseer" {rN+ EV+4 Str+3 Dex-3}
 13105 | D:9      | Found a runed translucent door.
 13105 | D:9      | Noticed robertstho's ghost (novice GrFi)
 13105 | D:9      | Reached **** piety under the Shining One
 13169 | D:9      | Found Tycutuqa's Weapon Emporium.
 13647 | D:9      | Found Pisut's Antique Weapon Shoppe.
 14018 | D:10     | Entered Level 10 of the Dungeon
 14061 | D:10     | Noticed a cyclops
 14070 | D:10     | Killed a cyclops
 14140 | D:10     | Noticed a two-headed ogre
 14145 | D:10     | Killed a two-headed ogre
 14146 | D:10     | Reached skill level 11 in Maces & Flails
 14276 | D:10     | Noticed a two-headed ogre
 14276 | D:10     | Noticed a two-headed ogre
 14293 | D:10     | Killed a two-headed ogre
 14361 | D:10     | Noticed a purple ugly thing
 14389 | D:9      | Killed a purple ugly thing
 14530 | D:10     | Noticed a centaur warrior
 14530 | D:10     | Noticed a manticore
 14530 | D:10     | Noticed Urug
 14543 | D:10     | Killed a manticore
 14544 | D:10     | Reached skill level 12 in Maces & Flails
 14551 | D:10     | Killed a centaur warrior
 14558 | D:10     | Killed a two-headed ogre
 14591 | D:10     | Hit by a javelin thrown by Urug

Illustrated notes

Levels and vault maps discovered:
D:1:      dpeg_arrival_refuge, layout_loops_ring, serial_forest,
          infiniplex_forest_straight_2, infiniplex_forest_straight_5,
          infiniplex_forest_clump_long, infiniplex_forest_clump_small,
          infiniplex_forest_straight_4, infiniplex_forest_lined_1,
          infiniplex_forest_end_double, infiniplex_forest_clump_double
D:2:      minmay_angry_zag, layout_basic, basic_altar, hex_medium,
          minmay_increasing_density, uniq_natasha
D:3:      layout_basic, nicolae_tso_carved_into_rock,
          cheibrodos_sewer_entry_bend, chequers_ecumenical_altar_simple,
          hangedman_decor_riveting, due_unseen_surprise
D:4:      minmay_razor_zed, layout_basic, lemuel_round_altar
D:5:      layout_basic, kennysheep_little_box, corexii_leaking_fountain
D:6:      minmay_octagon_keep, layout_rooms, chequers_big_river,
          minmay_fractal_squares_5, uniq_edmund, uniq_pikel, uniq_duvessa
D:7:      layout_layer_cave, minmay_temple_entry_glass, serial_bayou_lake_a,
          uniq_prince_ribbit1
D:8:      layout_loops_ring, minitemple, due_lair_maze_entry_diamond,
          serial_shops, nicolae_shop_statue_plus, uniq_psyche
D:9:      layout_small_grid, serial_shops, nicolae_shop_statue_plus, shop,
          shop_fountains, hellmonk_ghost_big_iron
D:10:     layout_roguey, mainiacjoe_overflow_surrounded_room,
          minmay_pinched_square, uniq_nergalle, uniq_urug

Skill      XL: |  1  2  3  4  5  6  7  8  9 10 11 |
---------------+----------------------------------+-----
Dodging        | 1 2 3 4 5 6 7 |  7.8
Fighting       | 4 5 6 7 9 10 | 10.7
Armour         | 4 5 |  5.8
Shields        | 5 |  5.3
Maces & Flails | 9 12 | 12.9
Short Blades   | |  2.1

Action                   |  1- 3 |  4- 6 |  7- 9 | 10-12 || total
-------------------------+-------+-------+-------+-------++-------
Melee: Rapier            |    75 |   143 |   408 |    30 ||   656
       Kick              |    12 |    33 |   152 |   102 ||   299
       Peck              |    14 |    21 |    90 |    60 ||   185
       Flail             |       |       |       |   276 ||   276
Invok: Divine Shield     |       |       |       |     1 ||     1
  Use: Potion            |       |     6 |     1 |       ||     7
       Scroll            |       |       |     1 |     1 ||     2
Armor: Scale mail        |    20 |       |       |       ||    20
       Chain mail        |    31 |    59 |   112 |   119 ||   321
Dodge: Dodged            |    46 |    45 |   175 |   188 ||   454
Block: Buckler           |    23 |    30 |    95 |    81 ||   229

Table legend: (Time is in decaauts)
 A = Elapsed time spent in this place.
 B = Non-inter-level travel time spent in this place.
 C = Inter-level travel time spent in this place.
 D = Time resting spent in this place.
 E = Time spent auto-exploring this place.
 F = Levels seen in this place.
 G = Mean time per level.
                   A        B        C        D        E       F      G
               +--------+--------+--------+--------+--------+-----+--------+
         Total |  14061 |  13389 |    672 |   1725 |   9543 |  11 | 1278.3 |
       Dungeon |  12824 |  12152 |    672 |   1725 |   8517 |  10 | 1282.4 |
         Sewer |   1237 |   1237 |      0 |      0 |   1025 |   1 | 1237.0 |
               +--------+--------+--------+--------+--------+-----+--------+

Top non-repeatable levels by time:
     D:6: 2442 daAuts
     D:7: 1921 daAuts
     D:2: 1434 daAuts
     D:4: 1417 daAuts
     D:8: 1321 daAuts
     D:5: 1290 daAuts
   Sewer: 1237 daAuts
     D:1: 1083 daAuts
     D:9: 778 daAuts
     D:3: 712 daAuts
    D:10: 421 daAuts
